 Dungeon Crawl Stone Soup version 0.20.1-1-g8b1a95d (webtiles) character file.

58 digijack the Skirmisher (level 4, 0/35 HPs)
             Began as a Human Fighter on Dec 9, 2017.
             Succumbed to an adder's poison
             ... on level 2 of the Dungeon.
             The game lasted 00:07:58 (1247 turns).

digijack the Skirmisher (Human Fighter)             Turns: 1247, Time: 00:07:59

Health: 0/35       AC:  5    Str: 21    XL:     4   Next: 20%
Magic:  4/4        EV: 11    Int:  9    God:
Gold:   44         SH:  0    Dex: 13    Spells: 3/3 levels left

rFire    . . .     SeeInvis .   a - +1 long sword
rCold    . . .     Gourm    .   (no shield)
rNeg     . . .     Faith    .   g - +0 ring mail (curse)
rPois    .         Spirit   .   (no helmet)
rElec    .         Reflect  .   (no cloak)
rCorr    .         Harm     .   (no gloves)
MR       .....                  (no boots)
Stlth    +.........             i - amulet of inaccuracy (curse)
Regen    0.2/turn               (no ring)
MPRegen  0.1/turn               (no ring)

@: mighty, lethally poisoned (0 -> -12)
A: no striking features
a: no special abilities


You were on level 2 of the Dungeon.
You were not hungry.

You visited 1 branch of the dungeon, and saw 2 of its levels.

You collected 44 gold pieces.

Inventory:

Hand Weapons
 a - a +1 long sword (weapon)
Armour
 g - a cursed +0 ring mail (worn)
Jewellery
 i - a cursed amulet of inaccuracy (around neck)
Scrolls
 c - 2 scrolls of blinking
Potions
 d - 2 potions of might
Comestibles
 b - 7 chunks of flesh
 f - a bread ration
 h - 2 royal jellies


   Skills:
 + Level 3.4 Fighting
 + Level 2.8 Long Blades
 + Level 3.2 Armour
 - Level 1.0 Dodging
 + Level 1.6 Stealth
   Level 3.0 Shields


You had 3 spell levels left.
You didn't know any spells.

Dungeon Overview and Level Annotations

Branches:
Dungeon (2/15)

Altars:
Cheibriados
Fedhas
Okawaru


Message History

The adder is heavily wounded.
* * * LOW HITPOINT WARNING * * *
You feel sick. The adder bites you but does no damage. The adder bites you.
* * * LOW HITPOINT WARNING * * *
You closely miss the adder.
The adder is heavily wounded.
* * * LOW HITPOINT WARNING * * *
You feel sick. The adder closely misses you. The adder barely misses you.
* * * LOW HITPOINT WARNING * * *
You feel sick.
You hit the adder.
The adder is almost dead.
* * * LOW HITPOINT WARNING * * *
You feel sick.
The adder bites you but does no damage. x2
You feel very mighty all of a sudden.
* * * LOW HITPOINT WARNING * * *
You feel sick. The adder barely misses you.
You hit the adder.
You kill the adder!
You die...

#.###......# #..####
......###..### #..#
..###.# #....# #..# ###
#.###..#.# #..# #
#......#.# #... ##
###.##.#.# #... .#
#.##.#.###########....
'####
#.##........)>....>##.
.§§§##..####....@†)...>...
.§≈≈§#### ########..#####
.≈§≈≈≈## ...# .§§§§§≈##
.g... .§§§≈≈§≈# S.._.#
.≈≈≈≈§≈≈≈ ......#
§§≈≈≈≈≈≈≈ .⌠.._.# §§≈≈≈§§≈
......# ≈.§≈≈≈§≈


There were no monsters in sight!

Vanquished Creatures
  An adder (D:2)
  A worm (D:2)
  A dart slug (D:1)
  2 leopard geckos
  A giant cockroach (D:2)
  4 goblins
  6 hobgoblins
  7 jackals
  2 ball pythons (D:1)
  4 bats
  2 frilled lizards
  4 kobolds
  4 rats
39 creatures vanquished.

Notes
Turn   | Place    | Note
-------+----------+-------------------------------------------
     0 | D:1      | digijack the Human Fighter began the quest for the Orb.
     0 | D:1      | Reached XP level 1. HP: 18/18 MP: 1/1
   149 | D:1      | Reached XP level 2. HP: 24/24 MP: 2/2
   413 | D:1      | Reached skill level 1 in Stealth
   423 | D:1      | Gained mutation: You are weak. (Str -2) [potion of mutation]
   423 | D:1      | Lost mutation: You are weak. (Str -2) [potion of mutation]
   443 | D:1      | Reached XP level 3. HP: 14/29 MP: 3/3
   471 | D:1      | Reached skill level 1 in Dodging
  1227 | D:2      | Found a snail-covered altar of Cheibriados.
  1228 | D:2      | Found an iron altar of Okawaru.
  1228 | D:2      | Found a blossoming altar of Fedhas.
  1237 | D:2      | Reached XP level 4. HP: 20/35 MP: 4/4
  1246 | D:2      | HP: 1/35 [poisoned by an adder]
  1247 | D:2      | Succumbed to an adder's poison

Skill      XL: |  1  2  3 |
---------------+----------+-----
Stealth        | 1 |  1.6
Dodging        | 1 |  1.0
Fighting       | |  3.4
Long Blades    | |  2.8
Armour         | |  3.2
Shields        | |  3.0

Action                   |  1- 3 |  4- 6 || total
-------------------------+-------+-------++-------
Melee: Long sword        |   122 |     8 ||   130
  Use: Scroll            |     5 |       ||     5
       Potion            |     4 |     1 ||     5
 Stab: Sleeping          |     3 |       ||     3
  Eat: Chunk             |     1 |       ||     1
Armor: Scale mail        |     9 |       ||     9
       Robe              |    41 |       ||    41
       Ring mail         |    29 |     7 ||    36
Dodge: Dodged            |    95 |     6 ||   101
       Rpst.: Long sword |    39 |     2 ||    41
